 Dungeon Crawl Stone Soup version 0.29.0-4-gdea44cf6ec (webtiles) character file.

Game seed: 1054149751210859033

18 qw the Chopper (level 2, -6/24 HPs)
             Began as a Barachi Chaos Knight on Sept 5, 2022.
             Mangled by a chaos spawn (10 damage)
             ... summoned by Xom
             ... on level 1 of the Dungeon.
             The game lasted 00:00:16 (586 turns).

qw the Chopper (Barachi Chaos Knight)                Turns: 586, Time: 00:00:16

Health: -6/24      AC:  5    Str: 13    XL:     2   Next: 66%
Magic:  2/2        EV: 11    Int: 12    God:
Gold:   33         SH:  0    Dex: 11    Spells: 1/1 levels left

rFire   . . .      SeeInvis .   a - +0 hand axe (chaos)
rCold   . . .      Faith    .   (no shield)
rNeg    . . .      Spirit   .   b - +2 leather armour
rPois   .          Reflect  .   (no helmet)
rElec   .          Harm     .   (no cloak)
rCorr   .          Rampage  .   (no gloves)
Will    .....                   (no boots)
Stlth   +.........              (no amulet)
HPRegen 0.08/turn               (no ring)
MPRegen 0.08/turn               (no ring)

@: lethally poisoned (-6 -> -24), slow
A: amphibious, slowness 1, strong legs 1, +LOS
a: Hop


You were on level 1 of the Dungeon.
You visited 1 branch of the dungeon, and saw 1 of its levels.

You collected 33 gold pieces.


Innate Abilities, Weirdness & Mutations

You are amphibious.
You cover ground slowly.
You can hop short distances.
You have an extended range of vision and can be seen from far away.


   Skills:
 - Level 3.6 Fighting
 + Level 4.3 Axes
 - Level 2.4 Armour
 - Level 1.1 Dodging


You had one spell level left.
You didn't know any spells.
Your spell library was empty.

Inventory:

Hand Weapons
 a - a +0 hand axe of chaos (weapon)
 d - a +0 mace
Missiles
 f - 4 boomerangs (quivered)
Armour
 b - a +2 leather armour (worn)
Scrolls
 e - a scroll of immolation {unknown}
Potions
 g - a potion of haste {unknown}
Miscellaneous
 c - a piece from Xom's chessboard (15/15)

Dungeon Overview and Level Annotations

Branches:
Dungeon (1/15)

Altars:


Message History

You hit the giant cockroach.
The giant cockroach resists with significant effort.
The giant cockroach is severely wounded.
The giant cockroach barely misses you. The giant cockroach closely misses you.
You barely miss the giant cockroach.
The giant cockroach is severely wounded.
The giant cockroach completely misses you.
You hit the giant cockroach. You freeze the giant cockroach.
You kill the giant cockroach!
You see here a giant cockroach corpse. "Fight to survive, mortal."
A chaos spawn comes into view.
You barely miss the chaos spawn. You closely miss the chaos spawn.
The orange demon closely misses you. The chaos spawn hits you!
You hit the chaos spawn but do no damage.
The chaos spawn resists with almost no effort.
The orange demon stings you but does no damage.
The chaos spawn closely misses you.
You hit the chaos spawn.
The chaos spawn is lightly wounded.
The orange demon barely misses you.
The chaos spawn gores you but does no damage.
You barely miss the chaos spawn.
The chaos spawn is lightly wounded.
The orange demon stings you from afar.
The chaos spawn gores you but does no damage.
You hit the chaos spawn. You freeze the chaos spawn.
The chaos spawn is moderately wounded.
The orange demon stings you but does no damage.
The chaos spawn barely misses you.
You closely miss the chaos spawn.
The chaos spawn is moderately wounded.
The orange demon stings you from afar. The chaos spawn completely misses you.
You barely miss the chaos spawn.
The chaos spawn is moderately wounded.
The orange demon stings you from afar.
You are lethally poisoned!
The orange demon poisons you! The chaos spawn hits you!
You die...

..)......#
#.##....#
.%.......#
#.##.####
.........###.##.#
########........#
#####%#### #.# #
#.#
###4#########.#
#..54@........#
###############


You could see an orange demon (summoned), a chaos spawn (summoned) and a shadow
imp (summoned).

Vanquished Creatures
  2 ball pythons (D:1)
  2 endoplasms (D:1)
  A giant cockroach (D:1)
  A goblin (D:1)
  2 hobgoblins (D:1)
  A quokka (D:1)
  2 bats (D:1)
  A frilled lizard (D:1)
  3 kobolds (D:1)
15 creatures vanquished.

Notes
Turn   | Place    | Note
-------+----------+-------------------------------------------
     0 | D:1      | qw the Barachi Chaos Knight began the quest for the Orb.
     0 | D:1      | Reached XP level 1. HP: 18/18 MP: 1/1
     0 | D:1      | 0 ||| qw: Version: 0.1-a-104-g96f76f8
     0 | D:1      | 0 ||| qw: Game counter: 5827
     0 | D:1      | 0 ||| qw: Always use a shield: true
     0 | D:1      | 0 ||| qw: God list: Okawaru
     0 | D:1      | 0 ||| qw: Allow faded altars: false
     0 | D:1      | 0 ||| qw: Do Orc after D:15 true
     0 | D:1      | 0 ||| qw: Do second Lair branch before Depths: true
     0 | D:1      | 0 ||| qw: Lair rune preference: random
     0 | D:1      | 0 ||| qw: Plans: Normal
     0 | D:1      | 0 ||| PLANNING D:1-11
     0 | D:1      | Fell from the grace of Xom
   190 | D:1      | 190 ||| Stepping ~*~*~tactically~*~*~ (stealth).
   248 | D:1      | Found a faded altar of an unknown god.
   249 | D:1      | Noticed a shining eye
   267 | D:1      | Noticed a golden eye
   306 | D:1      | Reached XP level 2. HP: 24/24 MP: 2/2
   409 | D:1      | Reached skill level 4 in Axes
   578 | D:1      | XOM: summons 3 hostile demons
   579 | D:1      | Noticed a chaos spawn
   579 | D:1      | Noticed an orange demon
   586 | D:1      | HP: 4/24 [orange demon[Xom] (3)]
   586 | D:1      | Mangled by a chaos spawn

Levels and vault maps discovered:
D:1:      elethiomel_arrival_maze, layout_basic,
          hellmonk_ecumenical_altar_watching_god, chequers_avenue

Skill      XL: |  1  2 |
---------------+-------+-----
Axes           | 4 |  4.3
Fighting       | |  3.6
Armour         | |  2.4
Dodging        | |  1.1

Action                   || total
-------------------------++-------
Melee: Hand axe          ||    39
Throw: Boomerang         ||    11
Invok: Renounce Religion ||     1
Armor: Leather armour    ||    24
Dodge: Dodged            ||    20

Table legend:
 A = Non-vault XP
 B = Vault XP
 C = Vault XP percentage of total XP
 D = Non-vault monster count
 E = Vault monster count
 F = Vault count percentage of total count
                 A         B        C        D         E       F
            +---------+---------+-------+---------+---------+-------
      Total |      26 |       0 |   0.0 |      15 |       0 |   0.0
            +---------+---------+-------+---------+---------+-------
        D:1 |      26 |       0 |   0.0 |      15 |       0 |   0.0
            +---------+---------+-------+---------+---------+-------
